[Event "*** Titled Tuesday 3|2 Blitz"]
[Site "Chess.com"]
[Date "2015.07.07"]
[Round "4"]
[White "AungTZ"]
[Black "amaidel"]
[Result "1/2-1/2"]
[WhiteElo "2153"]
[BlackElo "2334"]
[TimeControl "180+2"]
[EndTime "11:44:43 PDT"]
[Termination "Game drawn by repetition"]

1. e4 e5 2. Nf3 Nf6 3. d4 exd4 4. e5 Ne4 5. Qxd4 d5 6. Be3 c5 7. Qa4+ Bd7 8. Bb5 Nc6 9. c4 d4 10. Bf4 g5 11. Qc2 Bf5 12. Nxg5 d3 13. Qa4 Nxg5 14. Bxg5 Qxg5 15. Bxc6+ bxc6 16. Qxc6+ Ke7 17. Qd6+ Ke8 18. Qc6+ Ke7 19. Qd6+ Ke8 20. Qc6+ Ke7 21. Qd6+ 1/2-1/2

[Event "*** Titled Tuesday 3|2 Blitz"]
[Site "Chess.com"]
[Date "2015.07.07"]
[Round "4"]
[White "Dr-Bassem"]
[Black "Ginger_GM"]
[Result "1-0"]
[WhiteElo "2482"]
[BlackElo "2397"]
[TimeControl "180+2"]
[EndTime "11:45:14 PDT"]
[Termination "Dr-Bassem won by resignation"]

1. e4 c5 2. Nf3 d6 3. g3 Nc6 4. Bg2 e5 5. O-O g6 6. c3 Bg7 7. d3 Nge7 8. a3 O-O 9. b4 b6 10. Nbd2 h6 11. Bb2 f5 12. exf5 Bxf5 13. b5 Na5 14.
Nc4 d5 15. Ncxe5 g5 16. c4 d4 17. Re1 Qd6 18. Qe2 Rae8 19. Nc6 Naxc6 20. bxc6 Nxc6 21. Qxe8 Rxe8 22. Rxe8+ Kf7 23. Rae1 Bxd3 24. Nxg5+ hxg5 25. Bd5+ Qxd5 26. cxd5 Ne5 27. R8xe5 1-0

[Event "*** Titled Tuesday 3|2 Blitz"]
[Site "Chess.com"]
[Date "2015.07.07"]
[Round "4"]
[White "armago"]
[Black "Bab3s"]
[Result "1-0"]
[WhiteElo "2150"]
[BlackElo "2167"]
[TimeControl "180+2"]
[EndTime "11:45:39 PDT"]
[Termination "armago won by resignation"]

1. d4 Nf6 2. c4 e6 3. Nc3 d5 4.
Nf3 Be7 5. Qc2 O-O 6. Bg5 b6 7.
Bxf6 Bxf6 8. e4 dxe4 9. Qxe4 c6 10. Bd3 g6 11. h4 Bb7 12. h5 Nd7 13. hxg6 hxg6 14.
O-O-O Kg7 15. Ne5 Nxe5 16. dxe5 Be7 17. Qg4 Qc7 18. f4 Rh8 19. Ne4 Rad8 20. Bc2 b5 21.
Ng5 Bxg5 22. Qxg5 Rxh1 23. Qf6+ Kg8 24. Rxh1 1-0

[Event "*** Titled Tuesday 3|2 Blitz"]
[Site "Chess.com"]
[Date "2015.07.07"]
[Round "4"]
[White "Keranke"]
[Black "Lupul_Cenusiu"]
[Result "0-1"]
[WhiteElo "2531"]
[BlackElo "2390"]
[TimeControl "180+2"]
[EndTime "11:45:46 PDT"]
[Termination "Lupul_Cenusiu won by resignation"]

1. d4 Nf6 2. c4 g6 3. g3 Bg7 4.
Bg2 O-O 5. Nf3 c6 6. O-O d6 7. Nc3 Bf5 8. Ne1 Qb6 9. e4 Bg4 10. f3 Be6 11. b3 Nxe4 12. Ne2 Nc3 13. Nxc3 Qxd4+ 14. Qxd4 Bxd4+ 15. Be3 Bxe3+ 16. Kh1 Bd4 17. Rc1 Bxc3 18. Rxc3 a5 19. f4 Na6 20. a3 Nc5 21.
Nc2 a4 22. b4 Nb3 23. Re1 Rfe8 24. h3 h5 25. Kh2 Kg7 26. Bf3 Rac8 27. Rd1 Red8 28.
Ne3 b5 29. Be2 c5 30. cxb5 cxb4 31. Rxc8 Rxc8 32. axb4 a3 33. b6 a2 34. b7 Rb8 35.
Nc2 Rxb7 36. Ba6 Rc7 37. Na1 Nxa1 38. Rxa1 Rc2+ 0-1

[Event "*** Titled Tuesday 3|2 Blitz"]
[Site "Chess.com"]
[Date "2015.07.07"]
[Round "4"]
[White "GeorgMeier"]
[Black "zmaj23"]
[Result "1-0"]
[WhiteElo "2736"]
[BlackElo "2445"]
[TimeControl "180+2"]
[EndTime "11:46:04 PDT"]
[Termination "GeorgMeier won by resignation"]

1. Nf3 c5 2. g3 g6 3. Bg2 Bg7 4. c4 Nc6 5. Nc3 e5 6. d3 Nge7 7. a3 a5 8. O-O d6 9. Rb1 h6 10. Bd2 O-O 11. Ne1 Be6 12. Nc2 d5 13. cxd5 Nxd5 14.
Ne3 Nde7 15. Na4 b6 16. b4 axb4 17. axb4 Qd6 18. Nxb6 Ra2 19. Nec4 Qc7 20. bxc5 Nd4 21. e3 Ndf5 22. Rb5 Bd7 23. Nxd7 Qxd7 24. Qb1 Ra7 25. Qb3 Rc8 26. Nb6 1-0

[Event "*** Titled Tuesday 3|2 Blitz"]
[Site "Chess.com"]
[Date "2015.07.07"]
[Round "4"]
[White "Keaton87"]
[Black "LuckyTiger"]
[Result "0-1"]
[WhiteElo "2431"]
[BlackElo "2448"]
[TimeControl "180+2"]
[EndTime "11:46:21 PDT"]
[Termination "LuckyTiger won by resignation"]

1. d4 Nf6 2. Nf3 c5 3. d5 g6 4. c4 b5 5. cxb5 a6 6. bxa6 Bg7 7.
Nc3 d6 8. e4 Qa5 9. Bb5+ Nfd7 10. Be2 Bxa6 11. Bxa6 Qxa6 12. Qe2 O-O 13. Qxa6 Nxa6 14.
O-O Nb4 15. Bd2 Nb6 16. b3 f5 17. Ng5 fxe4 18. Ne6 N4xd5 19. Nxe4 Bxa1 20. Nxf8 Rxa2 21.
Ne6 Nf6 22. Nxf6+ Bxf6 23. Bh6 Kf7 24. Ng5+ Bxg5 25. Bxg5 Rb2 26. h4 Rxb3 27. Re1 Nd5 28. Ra1 c4 29. Ra5 Ke6 0-1

[Event "*** Titled Tuesday 3|2 Blitz"]
[Site "Chess.com"]
[Date "2015.07.07"]
[Round "4"]
[White "Schemato"]
[Black "PauloCesarCosta"]
[Result "0-1"]
[WhiteElo "2009"]
[BlackElo "2021"]
[TimeControl "180+2"]
[EndTime "11:47:33 PDT"]
[Termination "PauloCesarCosta won by resignation"]

1. c4 Nf6 2. Nc3 c6 3. e4 d6 4. g3 g6 5. Bg2 Bg7 6. Nge2 O-O 7. O-O b6 8. d3 Bb7 9. h3 Nbd7 10. Be3 Qc7 11. Rc1 Rfc8 12. Qd2 Qd8 13. b3 c5 14. f4 Bc6 15. Rf2 Ne8 16. d4 cxd4 17. Nxd4 Bb7 18. Nd5 Bxd5 19. exd5 Nef6 20. Re1 Nc5 21. Kh2 Nce4 22.
Bxe4 Nxe4 23. Qe2 Nxf2 24. Qxf2 Bxd4 25. Bxd4 Qf8 26. f5 Rc7 27. f6 Re8 28. fxe7 Rcxe7 29. h4 f5 30. Bc3 Rxe1 31. Bxe1 Qe7 32. Bc3 Qe2 0-1

[Event "*** Titled Tuesday 3|2 Blitz"]
[Site "Chess.com"]
[Date "2015.07.07"]
[Round "4"]
[White "Cryptochess"]
[Black "nijat_a"]
[Result "0-1"]
[WhiteElo "2368"]
[BlackElo "2628"]
[TimeControl "180+2"]
[EndTime "11:47:43 PDT"]
[Termination "nijat_a won by resignation"]

1. e4 Nf6 2. e5 Nd5 3. d4 d6 4. c4 Nb6 5. exd6 exd6 6. Nc3 Be7 7. Nf3 O-O 8. Be3 Re8 9. Be2 Bf6 10. O-O Nc6 11.
Rc1 Bg4 12. b3 d5 13. c5 Nc8 14. h3 Bh5 15. Nh2 Bg6 16. Ng4 Bg5 17. f4 Bh4 18. f5 Bh5 19. Qd2 Bxg4 20. hxg4 Bf6 21. g5 Rxe3 22. gxf6 Rxc3 23. Rxc3 Qxf6 24. Rd3 N8e7 25. Qf4 Rc8 26. g4 h6 27. Bf3 Nb4 28. Rd2 b6 29. a3 Nbc6 30. b4 b5 31. Re1 a6 32.
Bg2 Ng6 33. Qf2 Nge7 34. Rde2 a5 35. bxa5 Ra8 36. Qf4 Rxa5 37. Qxc7 Qxd4+ 38. Kh1 Ra7 39. Qd6 Qxg4 40. Bxd5 Rxa3 41. Bxf7+ Kh8 42. Re3 Ra4 43.
Rg1 Qxf5 44. Be6 Rh4+ 45. Kg2 Qc2+ 46. Kf3 Nd4+ 47. Qxd4 Rxd4 48. Bg4 Qxc5 49. Rge1 Rxg4 50. Kxg4 Qg5+ 51. Kf3 Nf5 52. Re8+ Kh7 53. R8e2 0-1

[Event "*** Titled Tuesday 3|2 Blitz"]
[Site "Chess.com"]
[Date "2015.07.07"]
[Round "4"]
[White "patzerplay"]
[Black "stefanodinn"]
[Result "1-0"]
[WhiteElo "2187"]
[BlackElo "2121"]
[TimeControl "180+2"]
[EndTime "11:47:55 PDT"]
[Termination "patzerplay won on time"]

1. e4 c5 2. c3 d5 3. exd5 Qxd5 4. d4 Nc6 5. Nf3 Bg4 6. Be2 cxd4 7. Na3 d3 8. Bxd3 Bxf3 9. gxf3 O-O-O 10. Be2 Qxd1+ 11. Bxd1 e6 12. Nc4 Nf6 13. Bg5 h6 14. Bf4 g5 15. Bd2 Be7 16. f4 Ne4 17. Be3 f5 18.
Bc2 Nd6 19. Nd2 g4 20. O-O-O b6 21. Bb3 Kd7 22. Nc4 Kc7 23. Na3 Bf6 24. Bxe6 Rhe8 25. Bd5 Na5 26. Kc2 Ne4 27. Nb5+ Kb8 28. Bf7 Rf8 29.
Be6 Bh4 30. Rhf1 Rxd1 31. Rxd1 Nb7 32. Nd4 Nbc5 33. Bxf5 Nxf2 34. Rf1 Nfe4 35. b4 Nd6 36. Bxg4 Nce4 37. f5 Bg5 38. Ne6 Rc8 39. Bd4 Nb5 40. Be5+ Kb7 41. Bf3 Nxc3 42. Bxc3 Rxc3+ 43. Kb2 Re3 44. Nxg5 1-0

[Event "*** Titled Tuesday 3|2 Blitz"]
[Site "Chess.com"]
[Date "2015.07.07"]
[Round "4"]
[White "jcibarra"]
[Black "lexiel"]
[Result "0-1"]
[WhiteElo "2557"]
[BlackElo "2225"]
[TimeControl "180+2"]
[EndTime "11:48:15 PDT"]
[Termination "lexiel won by resignation"]

1. e4 c6 2. Nc3 d5 3. Nf3 Bg4 4. h3 Bxf3 5. Qxf3 e6 6. d3 Nf6 7. Bd2 Nbd7 8. g4 Bd6 9. g5 Ng8 10.
h4 Ne7 11. O-O-O Qc7 12. h5 Rf8 13. Bh3 O-O-O 14. Qg4 Kb8 15. f4 g6 16. hxg6 hxg6 17.
Bg2 Rh8 18. Rxh8 Rxh8 19. Rh1 Rxh1+ 20. Bxh1 Qd8 21. Qh3 a6 22. a3 Qe8 23. Qh7 Qg8 24. Qh3 Qe8 25. Ne2 Bc7 26. Bc3 Nc8 27. Qh8 Qxh8 28.
Bxh8 Nd6 29. b3 Kc8 30. a4 Kd8 31.
Kd2 Ke8 32. Bc3 Nc8 33. Ke3 Ne7 34. Ng3 Bb6+ 35. Kf3 Bc7 36. Bg2 Bd6 37. Bh3 Bc7 38. Bb4 Bb8 39. Nf1 Bc7 40. Ne3 Bb6 41. Ng4 Bc5 42.
Nf6+ Kd8 43. Ba5+ Bb6 44. Bc3 Nxf6 45. gxf6 Nc8 46. Bb4 Ke8 47. f5 gxf5 48. exf5 e5 49. Kg4 Be3 50. c4 Nb6 51. Bg2 Nd7 52. Be7 dxc4 53. bxc4 Bc5 54. Bxc5 Nxc5 55. Bf1 Nxa4 56. Kg5 Nc5 57. Kh6 Kf8 58. Kg5 a5 59. Be2 a4 0-1

[Event "*** Titled Tuesday 3|2 Blitz"]
[Site "Chess.com"]
[Date "2015.07.07"]
[Round "4"]
[White "BjarkeSahl"]
[Black "Tirantes"]
[Result "1-0"]
[WhiteElo "2118"]
[BlackElo "2202"]
[TimeControl "180+2"]
[EndTime "11:48:18 PDT"]
[Termination "BjarkeSahl won on time"]

1. e4 c6 2. d4 d5 3. e5 c5 4.
c3 Nc6 5. Bb5 Bf5 6. dxc5 e6 7.
b4 Qc7 8. Nf3 Ne7 9. O-O Ng6 10.
Re1 Be7 11. Nd4 Bxb1 12. Rxb1 O-O 13. f4 a5 14. a3 Rfd8 15. Bd3 axb4 16. axb4 b6 17.
cxb6 Qxb6 18. Be3 Qb7 19. Nf3 Ra3 20. Rc1 d4 21. Nxd4 Nxd4 22. Bxd4 Nxf4 23. Be4 Qb8 24. Rf1 Ng6 25. Qf3 Rf8 26. Qh5 Ra2 27. Rf3 f5 28.
Rh3 Nh4 29. Bc6 Qc7 30. b5 1-0

[Event "*** Titled Tuesday 3|2 Blitz"]
[Site "Chess.com"]
[Date "2015.07.07"]
[Round "4"]
[White "Tomsel"]
[Black "matein28"]
[Result "1-0"]
[WhiteElo "2303"]
[BlackElo "2168"]
[TimeControl "180+2"]
[EndTime "11:48:19 PDT"]
[Termination "Tomsel won by checkmate"]

1. d4 d5 2. Bf4 Nf6 3. e3 Bf5 4. c4 e6 5. Qb3 Qc8 6. Nc3 c6 7. Rc1 Nbd7 8. cxd5 exd5 9. Nb5 Nh5 10. Nc7+ Kd8 11.
Nxd5 Be6 12. Bc7+ Qxc7 13. Nxc7 Bxb3 14. Nxa8 Bb4+ 15. Ke2 Be6 16. a3 Bd6 17. e4 f6 18.
g3 Ke7 19. d5 Bf7 20. dxc6 bxc6 21. Nf3 Rxa8 22. Nd4 c5 23. Nf5+ Ke6 24. Bh3 Bf8 25. Rhd1 Ne5 26. f4 g6 27. Nd6+ Ke7 28. fxe5 Bb3 29. Rd3 Ba4 30. Rxc5 fxe5 31. Rc7+ Kf6 32. Rf3+ Kg5 33. Nf7# 1-0

[Event "*** Titled Tuesday 3|2 Blitz"]
[Site "Chess.com"]
[Date "2015.07.07"]
[Round "4"]
[White "goldaxe"]
[Black "1random"]
[Result "1-0"]
[WhiteElo "2156"]
[BlackElo "1985"]
[TimeControl "180+2"]
[EndTime "11:48:29 PDT"]
[Termination "goldaxe won by resignation"]

1. e4 c6 2. d4 d5 3. Nc3 dxe4 4. Nxe4 Bf5 5. Ng3 Bg6 6. h4 h6 7. Nf3 Nd7 8. h5 Bh7 9. Bd3 Bxd3 10. Qxd3 e6 11.
Bd2 Ngf6 12. O-O-O Be7 13. Ne4 Nxe4 14. Qxe4 Nf6 15.
Qd3 O-O 16. Kb1 c5 17. g4 Nxg4 18. Qe2 f5 19. Qxe6+ Kh7 20. Ne5 Qd6 21. Qg6+ Qxg6 22. hxg6+ Kg8 23. Nxg4 fxg4 24. Be3 cxd4 25. Rxd4 g3 26.
fxg3 Bc5 27. Re4 Bxe3 28. Rxe3 Rf6 29. Rd1 Rxg6 30. Rd7 b6 31. a4 a5 32. Rde7 Rd8 33. b3 Rf6 34. R7e6 Rd6 35. Rxd6 Rxd6 36. Kb2 Kf7 37.
Kc3 g5 38. Kc4 Rc6+ 39. Kb5 Rxc2 40. Kxb6 h5 41. Kxa5 Kf6 42. b4 h4 43. gxh4 gxh4 44.
b5 Kg5 45. Kb6 Kf4 46. Re1 h3 47. a5 h2 48. a6 Kg3 49. Rh1 Kg2 50. Rxh2+ Kxh2 51. a7 Ra2 52. Kb7 Kg3 53. b6 Kf4 54. a8=Q Rxa8 55.
Kxa8 Ke5 56. b7 Kd6 57. b8=Q+ 1-0

[Event "*** Titled Tuesday 3|2 Blitz"]
[Site "Chess.com"]
[Date "2015.07.07"]
[Round "4"]
[White "wonderfultime"]
[Black "AndreyOstrovskiy"]
[Result "1-0"]
[WhiteElo "2564"]
[BlackElo "2346"]
[TimeControl "180+2"]
[EndTime "11:48:30 PDT"]
[Termination "wonderfultime won by resignation"]

1. d4 Nf6 2. c4 e6 3. Nf3 b6 4. a3 Bb7 5. Nc3 d5 6. cxd5 Nxd5 7. Qc2 Be7 8. e4 Nxc3 9. bxc3 Nd7 10. Bd3 c5 11. Qe2 Qc7 12. O-O Rc8 13. a4 O-O 14. e5 h6 15. Be3 Rfd8 16. Nd2 f5 17. exf6 Bxf6 18. Ne4 cxd4 19. Nxf6+ Nxf6 20. Bxd4 Qf7 21. Rfe1 Bd5 22. h3 Rd7 23. Bc2 Bc4 24. Qe3 Rcd8 25.
a5 bxa5 26. Rxa5 a6 27. Qg3 Bb5 28. Bg6 Qe7 29. Bf5 Bc4 30. Rae5 Qd6 31. Bc2 Qf8 32. R5e3 Rd5 33. h4 R5d7 34. Rf3 Kh8 35. Qg6 Rf7 36.
g4 Bd5 37. Rf4 Qg8 38. g5 e5 39. Bxe5 Ne8 40. Qxh6+ 1-0

[Event "*** Titled Tuesday 3|2 Blitz"]
[Site "Chess.com"]
[Date "2015.07.07"]
[Round "4"]
[White "Danirod"]
[Black "FancyPlaySyndrome"]
[Result "0-1"]
[WhiteElo "2400"]
[BlackElo "2258"]
[TimeControl "180+2"]
[EndTime "11:48:37 PDT"]
[Termination "FancyPlaySyndrome won by resignation"]

1. e4 c5 2. Nf3 d6 3. Bb5+ Bd7 4. Bxd7+ Qxd7 5. O-O Nc6 6. c3 Nf6 7. d4 Nxe4 8. d5 Ne5 9. Re1 Nxf3+ 10. Qxf3 Nf6 11. c4 Qg4 12. Qb3 O-O-O 13. Nc3 Kb8 14. Be3 g6 15. Qa4 Qd7 16. Qa3 Ng4 17. Bf4 Bg7 18.
h3 Ne5 19. Qb3 Nd3 20. Bg3 Nxe1 21. Rxe1 Rhe8 22. Ne4 Bd4 23. Qf3 Rf8 24. Rb1 Ka8 25. b4 h6 26. bxc5 dxc5 27. Qa3 f5 28.
Nxc5 Bxc5 29. Qxc5 f4 30. Bh2 e6 31. Rd1 exd5 32. Rxd5 Qc8 33. Qxc8+ Rxc8 34. Rd4 g5 35. f3 b5 36. cxb5 Rc1+ 37. Kf2 Rc2+ 38. Kf1 Rfc8 39. Rd1 Rxa2 40. Bg1 Rcc2 41. Bd4 Rxg2 42.
Be5 Kb7 43. Bd4 Rg3 44. Rd3 Rxh3 45. Bf2 Rh2 46. Rd7+ Kc8 0-1

[Event "*** Titled Tuesday 3|2 Blitz"]
[Site "Chess.com"]
[Date "2015.07.07"]
[Round "4"]
[White "ashookk"]
[Black "stepanosinovsky"]
[Result "0-1"]
[WhiteElo "1954"]
[BlackElo "2291"]
[TimeControl "180+2"]
[EndTime "11:48:38 PDT"]
[Termination "stepanosinovsky won by checkmate"]

1. Nf3 b6 2. c4 Bb7 3. d4 e6 4. a3 Ne7 5. Nc3 d5 6. cxd5 exd5 7. Bg5 f6 8. Bh4 Nbc6 9. Bg3 Nf5 10. e3 Qd7 11. Bd3 O-O-O 12. Qc2 Nxg3 13. hxg3 Kb8 14. Rxh7 Rxh7 15. Bxh7 Na5 16. Bf5 Qc6 17. O-O-O Nc4 18. Bd3 b5 19. e4 Qa6 20. exd5 Bxd5 21. Nxd5 Rxd5 22. Bxc4 bxc4 23. Re1 Bd6 24. Re8+ Kb7 25.
Qe4 Qc6 26. Rg8 c3 27. b4 Qc4 28. Qe6 Qb3 29. Qc8+ Kb6 30. Qb8+ Ka6 31. Qc8+ Kb5 32. Qb7+ Kc4 33. Qc6+ Kd3 34. Ne1+ Ke2 35. Re8+ Kf1 36.
Nc2 Qb2+ 37. Kd1 Qb1# 0-1

[Event "*** Titled Tuesday 3|2 Blitz"]
[Site "Chess.com"]
[Date "2015.07.07"]
[Round "4"]
[White "viditchess"]
[Black "Canonkasparov"]
[Result "1/2-1/2"]
[WhiteElo "2404"]
[BlackElo "2247"]
[TimeControl "180+2"]
[EndTime "11:48:41 PDT"]
[Termination "Game drawn by agreement"]

1. d4 Nf6 2. c4 e5 3. dxe5 Ne4 4. Nd2 Bb4 5. Nf3 Nc6 6. Qc2 Nxd2 7. Bxd2 Bxd2+ 8.
Qxd2 Qe7 9. Qc3 O-O 10. g3 Re8 11. Bg2 Nxe5 12. O-O Nxf3+ 13. exf3 d6 14. f4 Rb8 15. Rfe1 Qd8 16. Rxe8+ Qxe8 17. Qa5 Be6 18. Qxc7 Qd8 19.
Qxd8+ Rxd8 20. b3 b6 21. Rd1 Kf8 22. Kf1 Ke7 23. Ke2 Rc8 24. Bd5 Bxd5 25. Rxd5 g6 26. h4 Rc5 27. Rd4 Ra5 28. a4 Rc5 29. Kd3 a5 30. Re4+ Kd7 31. Kd4 h5 32. Re1 Rc8 33. Re3 Rc5 34. f3 Rc8 35. Re1 Ra8 36. Kc3 Rh8 37.
Rd1 Rc8 38. Rd5 Rc5 39. Kd4 Ke6 40. g4 f5 41. gxh5 gxh5 42. Rxc5 dxc5+ 43. Kc3 Kd7 1/2-1/2

[Event "*** Titled Tuesday 3|2 Blitz"]
[Site "Chess.com"]
[Date "2015.07.07"]
[Round "4"]
[White "Cruel_Yaro"]
[Black "geeeeri"]
[Result "1-0"]
[WhiteElo "2491"]
[BlackElo "2318"]
[TimeControl "180+2"]
[EndTime "11:48:41 PDT"]
[Termination "Cruel_Yaro won by resignation"]

1. d4 d5 2. Nf3 c6 3. Bf4 Nf6 4. e3 e6 5. Nbd2 Bd6 6. Ne5 O-O 7. Bd3 c5 8. c3 Nc6 9. O-O Bxe5 10. dxe5 Nd7 11.
Nf3 f6 12. exf6 e5 13. fxg7 Kxg7 14. Ng5 Nf6 15. Bg3 h6 16. Nh3 Bxh3 17. gxh3 Qd7 18. Kg2 e4 19. Be2 Kh8 20. Bg4 Qh7 21. Kh1 h5 22. Be2 Qf5 23. Bf4 d4 24. Rg1 d3 25. Bf1 Rg8 26. Bg2 Ne7 27. f3 Rxg2 28. Rxg2 Qxh3 29. Be5 Qf5 30. Bxf6+ Qxf6 31. fxe4 Qe5 32.
Qxd3 Rf8 33. Rag1 h4 34. Rg5 1-0

[Event "*** Titled Tuesday 3|2 Blitz"]
[Site "Chess.com"]
[Date "2015.07.07"]
[Round "4"]
[White "Jahonas"]
[Black "FMchesskid"]
[Result "1-0"]
[WhiteElo "2091"]
[BlackElo "1937"]
[TimeControl "180+2"]
[EndTime "11:48:51 PDT"]
[Termination "Jahonas won by checkmate"]

1. d4 Nf6 2. Nf3 e6 3. Nbd2 c5 4. e3 b6 5. c3 Bb7 6. Be2 Be7 7.
O-O O-O 8. b3 d5 9. Bb2 Nc6 10.
Rc1 Rc8 11. dxc5 Bxc5 12. c4 Ne4 13. Nxe4 dxe4 14. Nd4 Qe7 15. Nxc6 Bxc6 16. Qc2 f5 17. Kh1 e5 18. Qc3 Rce8 19. f4 exf4 20. Rxf4 Bd6 21. Rf2 Rf7 22. Rcf1 Qh4 23. Rf4 Bxf4 24. Rxf4 Qe7 25. Kg1 Qc7 26. b4 h6 27. h4 Ree7 28. Bh5 Rf6 29. Qd2 Rd6 30. Bd4 Bd7 31.
c5 bxc5 32. bxc5 Rd5 33. Qf2 Be8 34. Bxe8 Rxe8 35. Rxf5 Rxf5 36. Qxf5 Qf7 37. Qg4 Kh7 38. a3 g6 39. Qg3 Qd7 40. h5 g5 41. Qf2 Re6 42.
Qf8 Re8 43. Qf6 Qe7 44. Qg6# 1-0

[Event "*** Titled Tuesday 3|2 Blitz"]
[Site "Chess.com"]
[Date "2015.07.07"]
[Round "4"]
[White "jbj"]
[Black "KyronGriffith"]
[Result "0-1"]
[WhiteElo "2243"]
[BlackElo "2262"]
[TimeControl "180+2"]
[EndTime "11:48:54 PDT"]
[Termination "KyronGriffith won by resignation"]

1. e4 d5 2. exd5 Qxd5 3. Nc3 Qd6 4. Nf3 Nf6 5. d4 c6 6. Bc4 Bg4 7. O-O e6 8. Be3 Be7 9. h3 Bh5 10. a4 Nbd7 11. Be2 O-O 12. Nd2 Bg6 13. Nc4 Qc7 14. Bd3 Nb6 15. Ne5 Nfd7 16. Nxg6 hxg6 17. a5 Nd5 18. Nxd5 cxd5 19. a6 b6 20. c3 Rac8 21. f4 Nf6 22. Qf3 Qc6 23. g4 Ne4 24. g5 f5 25. h4 Kf7 26. Kg2 Rh8 27. Rh1 b5 28. h5 gxh5 29. Rxh5 g6 30. Rxh8 Rxh8 31. Rh1 Rxh1 32. Kxh1 Bf8 33. Qd1 Qxa6 34. Kg2 Qa2 35. Qc2 b4 36. c4 b3 37. Qc1 Qa6 38. Bf1 Qc6 39. c5 a5 40. Qe1 a4 41. Qa5 Be7 42. Bb5 Qc8 43. Qxa4 Qh8 44. Qxb3 Qh4 45. Be2 Qg3+ 46.
Kf1 Nd2+ 47. Bxd2 Qxb3 48. Bc3 Bd8 49. Kf2 Bc7 50. Kf3 Qc2 0-1

[Event "*** Titled Tuesday 3|2 Blitz"]
[Site "Chess.com"]
[Date "2015.07.07"]
[Round "4"]
[White "Hikaru"]
[Black "Dlugy"]
[Result "1-0"]
[WhiteElo "2839"]
[BlackElo "2544"]
[TimeControl "180+2"]
[EndTime "11:48:57 PDT"]
[Termination "Hikaru won by resignation"]

1. b3 d5 2. Bb2 c5 3. e3 Nc6 4.
Bb5 Bd7 5. Nf3 Nf6 6. O-O g6 7. Bxc6 Bxc6 8. Ne5 Rc8 9. Ng4 d4 10. Nxf6+ exf6 11. exd4 Bg7 12. Re1+ Kf8 13. dxc5 Qd5 14. Qg4 f5 15. Bxg7+ Kxg7 16. Qh3 Qxc5 17. Qc3+ Qxc3 18.
Nxc3 Rhd8 19. Re2 b5 20. a3 a5 21. Nd1 a4 22. b4 Be4 23. d3 Bd5 24. f4 Rc7 25.
Kf2 Rdc8 26. Ne3 Be6 27. g3 h6 28. h4 Rc6 29. Ke1 f6 30. Kd2 g5 31. Kc1 Kf7 32. Kb2 gxf4 33. gxf4 Rg8 34. Rae1 Rg3 35. Nd1 Rg4 36. Nc3 Rxh4 37. Nxb5 Rxf4 38. Rh2 Kg6 39.
Reh1 Kg7 40. Rxh6 Rf2 41. Nd4 Rd6 42. Kc3 f4 43. R6h2 Rxh2 44. Rxh2 Kg6 45. Rf2 Kg5 46. Ne2 Rc6+ 47. Kd2 Bg4 48. Nxf4 f5 49. c4 Rh6 50. c5 Kf6 51. b5 Ke5 52. Kc3 Rh1 53. b6 Rc1+ 54.
Kb2 Rh1 55. c6 Kd6 56. c7 Kd7 57. Rc2 1-0

[Event "*** Titled Tuesday 3|2 Blitz"]
[Site "Chess.com"]
[Date "2015.07.07"]
[Round "4"]
[White "lukas_111111"]
[Black "wanyaland"]
[Result "1-0"]
[WhiteElo "2182"]
[BlackElo "2165"]
[TimeControl "180+2"]
[EndTime "11:49:01 PDT"]
[Termination "lukas_111111 won by resignation"]

1. e4 c5 2. Nf3 d6 3. d4 cxd4 4.
Nxd4 Nf6 5. Nc3 a6 6. Bg5 e6 7. f4 Qb6 8. Qd2 Qxb2 9. Rb1 Qa3 10. e5 dxe5 11. fxe5 h6 12. Bh4 Nfd7 13. Ne4 Qxa2 14. Rd1 Qd5 15. Qe3 Bc5 16. c4 Qxe5 17. Bg3 Bxd4 18.
Rxd4 Qa5+ 19. Rd2 O-O 20. Bd6 Re8 21. g4 f5 22. Ng3 Nf6 23. Be2 Nc6 24. O-O Bd7 25.
g5 hxg5 26. Qxg5 Rad8 27. Bf3 Bc8 28. c5 Ne7 29. Rg2 Ned5 30. Nxf5 Rd7 31. Nxg7 Nh7 32. Qg6 Nf4 33. Bxf4 Ree7 34. Nxe6+ Rg7 35. Nxg7 Qxc5+ 36. Kh1 Kh8 37. Ne6 1-0

[Event "*** Titled Tuesday 3|2 Blitz"]
[Site "Chess.com"]
[Date "2015.07.07"]
[Round "4"]
[White "Imre91"]
[Black "AlexanderL"]
[Result "1/2-1/2"]
[WhiteElo "2605"]
[BlackElo "2530"]
[TimeControl "180+2"]
[EndTime "11:49:21 PDT"]
[Termination "Game drawn by repetition"]

1. c4 e5 2. g3 Nc6 3. Bg2 g6 4. Nc3 Bg7 5. e4 Nd4 6. Nge2 Nxe2 7. Qxe2 Ne7 8. O-O Nc6 9. d3 d6 10. f4 Nd4 11. Qf2 O-O 12. Be3 c6 13. Rae1 f5 14. Kh1 fxe4 15. Nxe4 Bf5 16. Qd2 Qd7 17. c5 Bxe4 18.
dxe4 dxc5 19. Qd3 Qe6 20. b3 Rad8 21. Rd1 exf4 22. gxf4 Nf5 23. exf5 Rxd3 24. fxe6 Rxe3 25. Rd7 Rxe6 26. Rxb7 Rf7 27. Rxf7 Kxf7 28. f5 gxf5 29. Rxf5+ Ke7 30. Bf3 Bd4 31. Kg2 Rg6+ 32. Kh3 h6 33. Bh5 Rg7 34. Rf3 Rg5 35. Bg4 h5 36. Bf5 Kd6 37. Bd3 Be5 38. Rf5 Rxf5 39. Bxf5 Kd5 40. Bd3 Kd4 41. Bc4 Bf6 42. a4 a5 43. Kg3 Ke4 44. Bf7 Ke3 45. Bxh5 Be5+ 46. Kg2 Kf4 47. Be8 Bf6 48. Bxc6 Ke3 49. Bd5 Be7 50. Bc4 Bf6 51.
h3 Bh4 52. Be6 Be1 53. Kf1 Bh4 54. Bf7 Bg3 55. Be6 Bh4 56. Bf7 Bg3 57. Be6 Bh4 58. Bf7 Bg3 1/2-1/2

[Event "*** Titled Tuesday 3|2 Blitz"]
[Site "Chess.com"]
[Date "2015.07.07"]
[Round "4"]
[White "Carolina-moon"]
[Black "facu57"]
[Result "1-0"]
[WhiteElo "2003"]
[BlackElo "2191"]
[TimeControl "180+2"]
[EndTime "11:49:26 PDT"]
[Termination "Carolina-moon won by resignation"]

1. e4 c6 2. c4 d5 3. exd5 cxd5 4.
cxd5 Nf6 5. Qa4+ Bd7 6. Qb3 Qc7 7. Nc3 a6 8. a4 e6 9. Bc4 exd5 10. Nxd5 Nxd5 11. Bxd5 Bc6 12. Nf3 Bd6 13. O-O O-O 14. Re1 Rd8 15. Bxc6 Nxc6 16. d4 Na5 17. Qd3 Qc4 18.
Qxc4 Nxc4 19. b3 Na5 20. Rb1 Bb4 21. Rd1 Rac8 22. Be3 Rc2 23. g3 Rd5 24. Ne1 Bxe1 25. Rxe1 f6 26. Rec1 Rxc1+ 27. Rxc1 Nxb3 28. Rc8+ Kf7 29.
Rc7+ Kg6 30. Rxb7 Nxd4 31. Ra7 Nc2 32. Rxa6 Nxe3 33. fxe3 Rd2 34. Rc6 Kf5 35. Rc4 g5 36.
h3 h5 37. g4+ Kg6 38. Rd4 Re2 39. Rd3 h4 40. Ra3 Re1+ 41. Kf2 Rh1 42. Kg2 Rb1 43. a5 Rb7 44. a6 Ra7 45. Kf3 Kf7 46. Ke4 Ke6 47. Ra5 Ke7 48. Kf5 Kf7 49. e4 Kg7 50. e5 fxe5 51. Kxe5 Kg6 52. Ke4 Re7+ 53. Kd5 Ra7 54. Kc6 Rf7 55. a7 Rf6+ 56. Kb7 Rf7+ 57. Kc6 Rf6+ 58. Kd7 Ra6 59. Rxa6+ 1-0

[Event "*** Titled Tuesday 3|2 Blitz"]
[Site "Chess.com"]
[Date "2015.07.07"]
[Round "4"]
[White "darkknight123456"]
[Black "kesarev"]
[Result "0-1"]
[WhiteElo "2091"]
[BlackElo "2202"]
[TimeControl "180+2"]
[EndTime "11:49:29 PDT"]
[Termination "kesarev won by resignation"]

1. e4 c5 2. Nf3 e6 3. c4 b6 4. Nc3 Bb7 5. d4 cxd4 6. Nxd4 a6 7. Be2 d6 8. O-O Nf6 9. f3 Be7 10. Be3 O-O 11. Qd2 Nbd7 12. a3 Rc8 13. b4 Qc7 14.
Rac1 Qb8 15. Rfd1 Rfe8 16. Nb3 Ba8 17. Bf4 Ne5 18. Bxe5 dxe5 19. Qe3 Qc7 20. Na4 Rb8 21. c5 b5 22. Nc3 h6 23. Rd2 Nh5 24. Rcd1 Bg5 25. Qf2 Bxd2 26. Rxd2 Red8 27. Rc2 Nf4 28. Bf1 f5 29. g3 Ng6 30. Na5 Ne7 31. Qe3 Nc6 32. Nb3 Nd4 33. Rb2 f4 34. gxf4 exf4 35.
Qf2 Nxb3 36. Rxb3 Qe5 37. Ne2 g5 38. Bh3 Rd2 39. Qe1 Rbd8 40. Rb1 Bc6 41. Rc1 Kf7 42. Nc3 Qd4+ 43. Kh1 Qd3 44. Qf1 Rc2 45. Qxd3 Rxc1+ 46. Qf1 Rxf1+ 47. Bxf1 Kf6 48. Kg2 Rd2+ 49. Be2 Rc2 50.
Kf2 Rxc3 0-1